 Dungeon Crawl Stone Soup version 0.28.0-53-g5a82cb258f (webtiles) character file.

Game seed: 17443680463747717131

1859 Peloso the Carver (level 8, -2/71 HPs)
             Began as a Minotaur Fighter on June 21, 2022.
             Slain by a gnoll sergeant
             ... wielding a +5 trident of protection
              (16 damage)
             ... on level 7 of the Dungeon.
             The game lasted 00:09:42 (7106 turns).

Peloso the Carver (Minotaur Fighter)                Turns: 7106, Time: 00:09:42

Health: -2/71      AC: 15    Str: 22    XL:     8   Next: 89%
Magic:  7/7        EV: 10    Int:  5    God:
Gold:   385        SH:  5    Dex: 11    Spells: 7/7 levels left

rFire   . . .      SeeInvis .   a - +0 long sword
rCold   . . .      Faith    .   c - +0 buckler
rNeg    + . .      Spirit   .   o - +6 scale mail of Eminy {rN+ Will+}
rPois   +          Reflect  .   (helmet restricted)
rElec   .          Harm     .   (no cloak)
rCorr   .          Rampage  .   (no gloves)
Will    +....                   e - +0 pair of boots
Stlth   ..........              (no amulet)
HPRegen 0.21/turn               l - ring of poison resistance
MPRegen 0.10/turn               (no ring)

@: no status effects
A: horns 2, retaliatory headbutt
a: no special abilities


You were on level 7 of the Dungeon.
You visited 2 branches of the dungeon, and saw 9 of its levels.

You collected 385 gold pieces.

Inventory:

Hand Weapons
 a - a +0 long sword (weapon)
Armour
 b - a +0 scale mail of poison resistance
 c - a +0 buckler (worn)
 e - a +0 pair of boots (worn)
 o - the +6 scale mail of Eminy (worn) {rN+ Will+}
   (You found it on level 6 of the Dungeon)

   rN:        It protects you from negative energy.
   Will:      It increases your willpower.
Jewellery
 l - a ring of poison resistance (left hand)
 q - an amulet of faith
 r - an amulet of guardian spirit
Wands
 u - a wand of paralysis (10)
Scrolls
 i - a scroll of immolation
 m - 3 scrolls of teleportation
 p - 3 scrolls of magic mapping
 v - 2 scrolls of fog
 x - a scroll of brand weapon {unknown}
 y - a scroll of enchant weapon {unknown}
Potions
 d - 4 potions of might
 f - 2 potions of cancellation
 g - a potion of haste {unknown}
 h - a potion of brilliance {unknown}
 j - a potion of berserk rage {unknown}
 k - 2 potions of lignification {unknown}
 n - a potion of ambrosia {unknown}
 s - a potion of attraction {unknown}
 t - a potion of mutation {unknown}
 w - a potion of heal wounds {unknown}


   Skills:
 + Level 6.6 Fighting
 + Level 9.4 Long Blades
 + Level 8.1 Armour
 + Level 2.6 Dodging
 + Level 0.1 Stealth
 + Level 5.2 Shields


You had 7 spell levels left.
You didn't know any spells.
Your spell library contained the following spells:

 Spells                   Type           Power      Damage    Failure   Level
 Ignite Poison            Fire/Tmut/Pois 0%         N/A       99%         3
 Mephitic Cloud           Conj/Pois/Air  0%         N/A       99%         3
 Animate Armour           Summ/Erth      0%         N/A       100%        4
 Blade Hands              Tmut           0%         N/A       100%        5
 Freezing Cloud           Conj/Ice/Air   0%         6-21      100%        5
 Iron Shot                Conj/Erth      0%         9d1       100%        6


Dungeon Overview and Level Annotations

Branches:
Dungeon (8/15)             Temple (1/1) D:4
   Lair: D:8-11

Altars:
Dithmenos
Elyvilon
Fedhas
Hepliaklqana
Kikubaaqudgha
Nemelex Xobeh
Sif Muna
Trog
Vehumet
Wu Jian
Xom
Yredelemnul
Zin
The Shining One


Innate Abilities, Weirdness & Mutations

You have a pair of horns on your head.
You reflexively headbutt those who attack you in melee.


Message History

You headbutt the gnoll sergeant, but do no damage.
You block the gnoll sergeant's attack. The gnoll hits you but does no damage.
The gnoll sergeant blocks your attack.
The gnoll sergeant completely misses you.
The gnoll hits you from afar with a +0 spear.
The gnoll sergeant blocks your attack.
The gnoll sergeant hits you with a +5 trident of protection.
* * * LOW HITPOINT WARNING * * *
The gnoll hits you but does no damage.
You slash the gnoll sergeant!
The gnoll sergeant is heavily wounded.
The gnoll sergeant barely misses you. The gnoll hits you but does no damage.
You hit the gnoll sergeant but do no damage.
Your headbutt misses the gnoll sergeant.
The gnoll sergeant is heavily wounded.
The gnoll sergeant hits you with a +5 trident of protection.
* * * LOW HITPOINT WARNING * * *
The gnoll hits you from afar with a +0 spear.
* * * LOW HITPOINT WARNING * * *
You block the gnoll sergeant's attack. The gnoll hits you but does no damage.
You climb upwards.
Found four items.
There is a stone staircase leading down here.
You hit the gnoll sergeant but do no damage.
The gnoll sergeant blocks your attack.
The gnoll sergeant is heavily wounded.
The gnoll sergeant barely misses you. The gnoll sergeant blocks your attack.
You headbutt the gnoll sergeant, but do no damage.
The gnoll sergeant is heavily wounded.
The gnoll sergeant hits you with a +5 trident of protection.
* * * LOW HITPOINT WARNING * * *
The gnoll sergeant blocks your attack.
Your headbutt misses the gnoll sergeant.
The gnoll sergeant is heavily wounded.
The gnoll sergeant barely misses you.
You hit the gnoll sergeant but do no damage.
The gnoll sergeant is heavily wounded.
The gnoll sergeant hits you with a +5 trident of protection!
You die...

..... ..# .....
..# #(....#.#
#...).#.#
#....#.#
#.....#
#.!..g#######
#...@....:..
...........####
.......#.......
###.... .#.####
#.... .#.#
##### ## #


You could see a gnoll sergeant.

Vanquished Creatures
  A steam dragon (D:8)
  A sky beast (D:5)
  An ogre (D:4)
  A necrophage (D:3)
  A phantom (D:5)
  A bullfrog (D:7)
  A wyvern zombie (D:5)
  A scorpion (D:4)
  A wyvern skeleton (D:7)
  A howler monkey (D:4)
  3 centaur zombies
  4 hounds
  3 orc priests
  4 bullfrog skeletons
  3 jellies
  2 centaur skeletons
  5 iguanas
  2 orc wizards
  2 killer bee zombies
  A hound zombie (D:3)
  16 gnolls
  7 adders
  A shadow imp (D:6)
  An ufetubus (D:5)
  An adder zombie (D:3)
  An adder skeleton (D:4)
  4 worms
  2 dart slugs
  13 orcs
  7 ball pythons
  8 endoplasms
  5 giant cockroaches
  3 hobgoblins
  2 jackals (D:4)
  5 quokkas
  2 ball python zombies (D:3)
  A bat (D:1)
  2 frilled lizards
  8 goblins
  7 kobolds
  A rat (D:2)
136 creatures vanquished.

Vanquished Creatures (others)
  12 plants
12 creatures vanquished.

Grand Total: 148 creatures vanquished

Notes
Turn   | Place    | Note
-------+----------+-------------------------------------------
     0 | D:1      | Peloso the Minotaur Fighter began the quest for the Orb.
     0 | D:1      | Reached XP level 1. HP: 19/19 MP: 0/0
   310 | D:1      | Reached XP level 2. HP: 27/27 MP: 1/1
  1040 | D:2      | Reached XP level 3. HP: 15/34 MP: 2/2
  1281 | D:2      | Reached skill level 3 in Long Blades
  1489 | D:2      | Found a faded altar of an unknown god.
  1570 | D:2      | Reached XP level 4. HP: 41/41 MP: 3/3
  1962 | D:3      | Reached skill level 4 in Long Blades
  2093 | D:3      | Reached XP level 5. HP: 38/47 MP: 4/4
  2277 | D:3      | Reached skill level 5 in Armour
  2304 | D:3      | Found a basalt altar of Yredelemnul.
  2798 | D:3      | You fall into a shaft and drop 1 floor!
  2856 | D:4      | Reached skill level 5 in Long Blades
  3103 | D:4      | Noticed a necrophage
  3111 | D:3      | Killed a necrophage
  3112 | D:3      | Reached skill level 1 in Dodging
  3112 | D:3      | Reached XP level 6. HP: 45/53 MP: 5/5
  3358 | D:4      | Reached skill level 6 in Long Blades
  3379 | D:4      | Reached skill level 5 in Fighting
  3750 | D:4      | Reached XP level 7. HP: 56/61 MP: 6/6
  3804 | D:4      | Found a blossoming altar of Fedhas.
  3950 | D:4      | Found an ornate altar of the Wu Jian Council.
  3993 | D:4      | Found a staircase to the Ecumenical Temple.
  3998 | Temple   | Entered the Ecumenical Temple
  4885 | D:5      | Entered Level 5 of the Dungeon
  4969 | D:5      | Reached skill level 7 in Long Blades
  5295 | D:5      | Reached XP level 8. HP: 70/70 MP: 7/7
  5705 | D:5      | Reached skill level 8 in Long Blades
  6131 | D:6      | Identified the +6 scale mail of Eminy {rN+ Will+}
  6545 | D:6      | Found a shimmering altar of Xom.
  6680 | D:7      | Reached skill level 5 in Shields
  6688 | D:7      | Reached skill level 9 in Long Blades
  7106 | D:7      | Slain by a gnoll sergeant

Illustrated notes

Levels and vault maps discovered:
D:1:      dpeg_arrival_short_road, layout_basic
D:2:      layout_loops_ring, hellmonk_ecumenical_altar_blasted,
          minmay_close_crescents
D:3:      layout_loops_corners, nicolae_yredelemnul_corpse_copse
D:4:      layout_layer_cave, nzn_wu_jian_contemplation,
          mainiacjoe_overflow_six_doors_small, minmay_temple_entry_proselytizer
D:5:      layout_gridville, chequers_serial_rivers_micro_a
D:6:      layout_basic, old_standard_altar, chequers_serial_rivers_marsh,
          kennysheep_nondescript
D:7:      layout_basic, minmay_misc_feat_secret_circle, chequers_big_river,
          uniq_duvessa
D:8:      layout_loops_ring, nicolae_uskayaw_murder_on_the_dancefloor,
          mainiacjoe_overflow_alcove_2, kennysheep_mini,
          gammafunk_temple_overflow_claw, david_lair_shrubbed, uniq_maurice
Temple:   jpeg_temple_alley_garden

Skill      XL: |  1  2  3  4  5  6  7  8 |
---------------+-------------------------+-----
Fighting       | 4 5 6 |  6.6
Armour         | 4 5 6 8 |  8.1
Long Blades    | 3 4 5 6 7 9 |  9.4
Shields        | 4 5 |  5.2
Dodging        | 1 2 |  2.6
Stealth        | |  0.1

Action                   |  1- 3 |  4- 6 |  7- 9 || total
-------------------------+-------+-------+-------++-------
Melee: Long sword        |    67 |   158 |   170 ||   395
       Headbutt          |     8 |    18 |    41 ||    67
  Use: Scroll            |     1 |       |     3 ||     4
       Potion            |     1 |       |       ||     1
Armor: Scale mail        |    26 |    57 |    34 ||   117
       Chain mail        |       |    52 |    60 ||   112
Dodge: Dodged            |    37 |    70 |    83 ||   190
Block: Buckler           |    14 |    31 |    39 ||    84
